Map: Shrines of Lizul

Players

bonham - Winner!

  • Race: Terran Terran
  • Spawn Location: 6:00

ReMiX - Winner!

  • Race: Protoss Protoss
  • League: Platinum
  • Spawn Location: 9:00

OpuS

  • Race: Protoss Protoss
  • League: Diamond
  • Spawn Location: 3:00

Sketchaphone

  • Race: Zerg Zerg
  • League: Gold
  • Spawn Location: 12:00

VOD

Have the link to the VOD?

Description

Time

  • Played on: Jan. 21, 2019, 5:42 p.m.
  • Length: 9:10
Show
View Real Time Build Order
Export as new Build Order

bonham Terran - Winner!

Build Orders: Mech 

Get SALT Encoding   

  12  0:01  SCV  
  13  0:13  SCV  
  14  0:24  Supply Depot  
  14  0:25  SCV  
  15  0:45  SCV  
  15  0:46  Barracks  
  16  0:54  Refinery  
  16  0:57  SCV  
  17  1:06  Supply Depot  
  17  1:09  SCV  
  18  1:21  SCV  
  19  1:37  Refinery  
  19  1:39  SCV  
  20  1:43  Marine  
  21  2:02  Factory  
  21  2:10  Orbital Command  
  21  2:38  Barracks Tech Lab  
  21  2:46  Factory  
  21  2:57  Hellion  
  23  3:01  Command Center  
  23  3:02  SCV  
  24  3:29  Barracks Reactor  
  24  3:31  Siege Tank  
  27  3:35  Factory Tech Lab  
  27  3:38  Infernal Pre-Igniter  
  27  3:44  Supply Depot  
  27  3:49  SCV  
  28  3:57  Siege Tank  
  31  4:12  Hellion  
  31  4:15  Marine x2  
  35  4:23  Engineering Bay  
  35  4:27  SCV  
  36  4:58  Marine x2, Siege Tank x2  
  41  5:46  Marine x2, Siege Tank x2  
  41  5:49  Terran Infantry Weapons Level 1  
  49  5:54  Barracks  
  45  6:32  Hellion x2  
  49  6:37  Armory  
  49  6:44  Marine x2  
  49  6:45  SCV  
  52  6:53  Hellion  
  48  6:57  SCV  
  49  7:05  Missile Turret  
  49  7:09  SCV  
  49  7:12  Marine  
  51  7:18  Factory  
  51  7:25  Missile Turret  
  51  7:30  Marine  
  52  7:39  Hellion  
  54  7:45  Hellion  
  54  7:46  Missile Turret  
  54  7:47  Planetary Fortress  
  54  7:48  SCV  
  57  8:00  SCV  
  57  8:01  Marine x2  
  60  8:07  Missile Turret  
  60  8:08  Refinery  
  60  8:09  Refinery  
  60  8:27  Hellbat  
Show
View Real Time Build Order
Export as new Build Order

ReMiX Protoss - Winner!

Build Orders: Cannon Rush 

Get SALT Encoding   

  1  0:00  Probe  
  13  0:07  Probe  
  14  0:19  Pylon  
  14  0:26  Probe  
  15  0:43  Probe  
  15  0:46  Forge  
  16  0:55  Probe  
  17  1:05  Pylon  
  17  1:15  Assimilator  
  17  1:23  Photon Cannon  
  17  1:26  Photon Cannon  
  17  1:52  Probe  
  16  1:57  Photon Cannon  
  16  2:01  Probe  
  17  2:04  Gateway  
  17  2:07  Assimilator  
  18  2:12  Assimilator  
  18  2:16  Photon Cannon  
  18  2:38  Probe  
  19  2:46  Probe  
  20  2:52  Cybernetics Core  
  20  2:56  Probe  
  21  3:08  Probe  
  22  3:34  Probe  
  21  3:39  Stargate  
  22  3:42  Probe  
  23  3:52  Probe  
  23  3:55  Stalker  
  26  4:28  Pylon  
  26  4:36  Stalker  
  28  4:39  Oracle  
  31  4:46  Stargate  
  31  5:51  Pylon  
  31  6:09  Void Ray x2  
  38  6:41  Probe  
  39  7:09  Nexus  
  39  7:10  Pylon  
  39  7:28  Probe, Void Ray  
  44  7:40  Probe  
  45  7:46  Photon Cannon  
  45  7:47  Photon Cannon  
  45  7:50  Pylon  
  45  7:52  Shield Battery, Probe  
  45  7:53  Shield Battery  
  45  7:55  Shield Battery  
  45  7:57  Pylon  
  46  8:04  Probe  
  47  8:08  Void Ray  
  51  8:16  Probe  
  51  8:19  Nexus  
  52  8:21  Pylon  
  52  8:28  Probe  
  57  8:34  Probe  
  57  8:41  Probe, Assimilator  
  59  8:46  Probe  
Show
View Real Time Build Order
Export as new Build Order

OpuS Protoss 

Build Orders:  

Get SALT Encoding   

  12  0:01  Probe  
  13  0:13  Probe  
  14  0:20  Pylon  
  14  0:26  Probe  
  15  0:43  Probe  
  15  0:45  Gateway  
  16  0:51  Probe  
  17  1:07  Gateway  
  17  1:26  Probe  
  18  1:34  Probe  
  16  1:59  Nexus  
  16  3:13  Probe  
  16  3:19  Assimilator  
  17  3:30  Cybernetics Core  
  17  3:37  Pylon, Probe  
  18  3:45  Probe  
  19  3:57  Forge  
  19  4:02  Probe  
  20  4:10  Stalker  
  22  4:22  Stalker  
  24  4:34  Probe  
  24  4:36  Photon Cannon  
  25  4:42  Probe  
  25  4:50  Stalker  
  25  4:52  Probe  
  29  5:02  Stalker  
  31  5:13  Photon Cannon  
  23  5:47  Probe  
  22  5:59  Probe  
  7  7:11  Nexus  
  7  8:05  Nexus  
  7  8:08  Probe  
Show
View Real Time Build Order
Export as new Build Order

Sketchaphone Zerg 

Build Orders: Pool First 

Get SALT Encoding   

  12  0:03  Drone  
  13  0:11  Drone  
  14  0:21  Extractor  
  13  0:30  Spawning Pool  
  13  0:33  Drone  
  13  0:46  Overlord  
  13  0:47  Drone  
  14  1:09  Drone  
  15  1:14  Drone  
  16  1:18  Zergling x2  
  16  1:20  Zergling x2  
  16  1:23  Metabolic Boost  
  18  1:35  Zergling x2  
  19  1:41  Drone  
  20  2:05  Overlord  
  20  2:08  Drone  
  21  2:15  Zergling x2, Hatchery  
  21  2:26  Queen  
  21  2:27  Zergling x2  
  23  2:40  Drone  
  24  2:54  Drone  
  24  2:57  Overlord  
  25  3:07  Overlord  
  25  3:19  Drone  
  26  3:27  Zergling x2  
  26  3:30  Queen  
  26  3:31  Overlord  
  29  3:40  Drone  
  30  3:42  Overlord  
  30  3:43  Drone  
  31  3:50  Spore Crawler, Hatchery  
  29  4:05  Zergling x2  
  29  4:18  Drone  
  29  4:19  Drone  
  29  4:20  Overlord  
  29  4:21  Drone  
  32  4:26  Overlord, Drone x2  
  32  4:27  Drone x2  
  36  4:37  Lair  
  36  4:39  Drone  
  36  4:43  Extractor  
  36  4:46  Zergling x2  
  36  4:50  Zergling x2  
  36  4:51  Zergling x2  
  39  4:53  Zergling x2  
  40  5:00  Spine Crawler  
  40  5:05  Spine Crawler  
  37  5:18  Zergling x4  
  36  5:28  Zergling x12  
  36  5:29  Zergling x2  
  42  5:39  Roach Warren  
  41  5:43  Zergling x4  
  41  5:44  Zergling x2  
  44  6:08  Drone x4  
  44  6:10  Evolution Chamber x2  
  43  6:32  Drone  
  38  6:33  Drone x10  
  47  6:42  Drone x2  
  47  6:44  Drone  
  49  6:58  Drone x2  
  51  7:01  Queen  
  51  7:02  Spore Crawler, Drone  
  51  7:03  Drone  
  53  7:21  Glial Reconstitution  
  53  7:23  Drone  
  53  7:25  Drone x2  
  53  7:28  Drone  
  57  7:36  Spore Crawler  
  56  7:38  Drone x3  
  56  7:39  Drone  
  60  7:46  Extractor  
  59  7:54  Overlord, Pneumatized Carapace  
  59  7:59  Hydralisk Den  
  59  8:04  Drone  
  59  8:05  Drone x2  
  61  8:06  Overlord  
  60  8:16  Roach x3  
  65  8:21  Roach x2, Hatchery  
  68  8:31  Spine Crawler  
  68  8:33  Roach  
  68  8:34  Roach x4  
  77  8:39  Roach  
  77  8:40  Roach  
Tags
 
Add a new tag
Caveats
  • Supply blocks, unpowered buildings, or Contaminate may cause inaccurate times.
  • Supply counts are checked every 10 seconds.